 Dungeon Crawl Stone Soup version 0.21.1-1-g345015f (webtiles) character file.

96 diana the Slasher (level 4, -5/29 HPs)
             Began as a Tengu Fighter on June 16, 2018.
             Slain by an ogre
             ... wielding a +0 giant club
              (15 damage)
             ... on level 3 of the Dungeon.
             The game lasted 00:02:37 (1492 turns).

diana the Slasher (Tengu Fighter)                   Turns: 1492, Time: 00:02:38

Health: -5/29      AC:  6    Str: 16    XL:     4   Next: 67%
Magic:  5/5        EV:  6    Int:  9    God:
Gold:   149        SH:  9    Dex: 14    Spells: 3/3 levels left

rFire    . . .     SeeInvis .   a - +0 long sword
rCold    . . .     Gourm    .   c - +0 shield
rNeg     . . .     Faith    .   b - +0 scale mail
rPois    .         Spirit   .   (helmet restricted)
rElec    .         Reflect  .   (no cloak)
rCorr    .         Harm     .   (no gloves)
MR       .....                  (boots unavailable)
Stlth    ..........             (no amulet)
HPRegen  0.09/turn              (no ring)
MPRegen  0.09/turn              (no ring)

@: no status effects
A: beak, talons 3
a: no special abilities


You were on level 3 of the Dungeon.
You were not hungry.

You visited 1 branch of the dungeon, and saw 3 of its levels.

You collected 149 gold pieces.

Inventory:

Hand Weapons
 a - a +0 long sword (weapon)
Armour
 b - a +0 scale mail (worn)
 c - a +0 shield (worn)
Jewellery
 l - an uncursed amulet of magic regeneration {unknown}
Scrolls
 e - 2 scrolls of identify {unknown}
 g - a scroll of immolation {unknown}
 h - a scroll of blinking {unknown}
 i - 2 scrolls of random uselessness {unknown}
 j - a scroll of enchant armour {unknown}
 m - a scroll of remove curse {unknown}
Potions
 d - a potion of might
 k - a potion of agility {unknown}
Comestibles
 f - 2 rations


   Skills:
 + Level 3.9 Fighting
 * Level 4.2 Long Blades
 - Level 3.4 Armour
 - Level 3.0 Shields


You had 3 spell levels left.
You didn't know any spells.

Dungeon Overview and Level Annotations

Branches:
Dungeon (3/15)

Altars:


Innate Abilities, Weirdness & Mutations

You have a beak for a mouth.
You have claws for feet.


Message History

The ogre barely misses you.
Your shield and scale mail prevent you from hitting the ogre.
You claw the ogre.
The ogre is moderately wounded.
You block the ogre's attack.
You hit the ogre. Your kick misses the ogre.
The ogre is heavily wounded.
You block the ogre's attack.
You hit the ogre but do no damage.
The ogre is heavily wounded.
You block the ogre's attack.
You hit the ogre. You peck the ogre.
The ogre is almost dead.
The ogre hits you with a giant club!!
Ouch! That really hurt!
You barely miss the ogre. You peck the ogre.
The ogre is almost dead.
The ogre hits you with a giant club!
Ouch! That really hurt!
You die...

....### ...... # .......# .....#
#. #.....# .....# ## #.####
#.....# .....# ..# ##....##
#.....# .... ...#......# #.....#
##.. ..#.#..##..#
#.....###.########.............)
#.............O@...#..#.#.###..#
#.....###...######....#...)....#
#...........### #.....#.....##
#.............## #...#....##.#
##..........#..#####..###..##.#
...####.##.............###..##.#
............................##.##
.. ####...).........#..####.##...
. ##....##......#...##.....##


You could see an ogre.

Vanquished Creatures
  An orc wizard (D:3)
  Terence (D:3)
  An adder (D:3)
  2 worms
  A dart slug (D:2)
  2 orcs (D:3)
  2 ball pythons
  2 bats (D:1)
  4 hobgoblins
  3 kobolds (D:1)
  4 goblins
  5 rats
28 creatures vanquished.

Notes
Turn   | Place    | Note
-------+----------+-------------------------------------------
     0 | D:1      | diana the Tengu Fighter began the quest for the Orb.
     0 | D:1      | Reached XP level 1. HP: 14/14 MP: 2/2
   419 | D:1      | Reached XP level 2. HP: 16/19 MP: 3/3
   983 | D:2      | Noticed an ogre
  1089 | D:3      | Reached skill level 3 in Long Blades
  1098 | D:3      | Noticed Terence
  1121 | D:3      | Reached XP level 3. HP: 6/23 MP: 4/4
  1137 | D:3      | Killed Terence
  1149 | D:3      | Reached skill level 4 in Long Blades
  1149 | D:3      | Reached XP level 4. HP: 6/29 MP: 5/5
  1472 | D:3      | Noticed an ogre
  1492 | D:3      | Slain by an ogre

Skill      XL: |  1  2  3 |
---------------+----------+-----
Long Blades    | 3 4 |  4.2
Fighting       | |  3.9
Armour         | |  3.4
Shields        | |  3.0

Action                   |  1- 3 |  4- 6 || total
-------------------------+-------+-------++-------
Melee: Long sword        |    43 |    18 ||    61
       Kick              |     6 |     6 ||    12
       Unarmed           |    16 |       ||    16
       Peck              |     3 |     5 ||     8
  Eat: Chunk             |       |     2 ||     2
Armor: Scale mail        |    13 |     3 ||    16
       Skin              |    17 |       ||    17
Dodge: Dodged            |    21 |     6 ||    27
Block: Shield            |    23 |     6 ||    29
       Rpst.: Long sword |     3 |     1 ||     4
